 Dungeon Crawl Stone Soup version 0.20.0-15-g7f486f2 (webtiles) character file.

125 Merkmirnix the Sneak (level 5, -4/34 HPs)
             Began as an Octopode Assassin on July 1, 2017.
             Slain by Grinder (6 damage)
             ... on level 4 of the Dungeon.
             The game lasted 00:15:03 (3167 turns).

Merkmirnix the Sneak (Octopode Assassin)            Turns: 3167, Time: 00:15:04

Health: -4/34      AC:  1    Str: 10    XL:     5   Next: 9%
Magic:  5/5        EV: 13    Int: 13    God:
Gold:   115        SH:  0    Dex: 15    Spells: 4/4 levels left

rFire    . . .     SeeInvis .   p - +2 trident (protect)
rCold    . . .     Gourm    .   (no shield)
rNeg     . . .     Faith    .   (helmet restricted)
rPois    .         Spirit   .   (no amulet)
rElec    .         Reflect  .   (no ring)
rCorr    .         Harm     .   (no ring)
MR       .....                  (no ring)
Stlth    +++++.....             (no ring)
Regen    0.2/turn               (no ring)
MPRegen  0.1/turn               (no ring)
                                (no ring)
                                (no ring)

@: hasted, very quick
A: almost no armour, stealthy swim, amphibious, 8 rings, constrict 8, camouflage
1, gelatinous body 1
a: no special abilities


You were on level 4 of the Dungeon.
You were not hungry.

You visited 1 branch of the dungeon, and saw 4 of its levels.

You collected 115 gold pieces.

Inventory:

Hand Weapons
 a - a +2 dagger
 b - a +0 blowgun
 n - a +0 hand axe of electrocution
 p - a +2 trident of protection (weapon)
Missiles
 c - 8 poisoned needles
 d - 2 curare-tipped needles
Scrolls
 e - a scroll of recharging
 l - 3 scrolls of identify
 o - a scroll of fear
 q - a scroll of teleportation
Potions
 g - 2 potions of curing {unknown}
 i - 3 potions of flight {unknown}
 m - 2 potions of heal wounds {unknown}
 t - a potion of resistance {unknown}
 u - 2 potions of mutation {unknown}
 v - 2 potions of invisibility {unknown}
 w - a potion of cancellation {unknown}
Books
 r - a book of Cantrips

   Spells                             Type                      Level
   a - Confusing Touch                Hexes                        1
   b - Animate Skeleton               Necromancy                   1
   c - Summon Small Mammal            Summoning                    1
   d - Apportation                    Translocation                1
Comestibles
 f - a bread ration
 h - 3 meat rations
 k - 6 fruits
 s - a royal jelly


   Skills:
 + Level 2.2 Fighting
 + Level 2.3 Short Blades
 + Level 1.3(1.5) Axes
 + Level 1.0(1.3) Polearms
 + Level 2.1 Throwing
 + Level 1.2 Dodging
 + Level 7.5 Stealth


You had 4 spell levels left.
You didn't know any spells.

Dungeon Overview and Level Annotations

Branches:
Dungeon (4/15)
 Temple: D:4-7

Altars:
Ru

Annotations:
D:4 Grinder; Merkmirnix's ghost, amateur OpAs


Innate Abilities, Weirdness & Mutations

You cannot wear most types of armour.
You are very stealthy in the water. (Stealth+)
You are amphibious.
You can wear up to eight rings at the same time.
You can use your tentacles to constrict eight enemies at once.
Your skin changes colour to match your surroundings (Stealth+).
Your rubbery body absorbs attacks. (AC +1, EV +1)


Message History

Merkmirnix's ghost (amateur Octopode Assassin) comes into view.
Merkmirnix's ghost moves out of view.
Found 2 black potions.
Grinder shouts!
Grinder drinks a potion.
Grinder seems to speed up.
Grinder blinks!
Merkmirnix's ghost turns its malevolent gaze towards you.
You see here an adder skeleton.
Grinder gestures at you. Pain shoots through your body!
Grinder gestures at you. Pain shoots through your body!
* * * LOW HITPOINT WARNING * * *
Grinder blinks!
Grinder hits you.
* * * LOW HITPOINT WARNING * * *
You writhe in agony.
* * * LOW HITPOINT WARNING * * *
You feel yourself speed up. Grinder hits you.
You die...

######...##...##..#
#......#####..#
#....#####..#
###....##...#
#........##
#.######## ##.# ##
###5.##
...#.@...######
#...............#
#..##.....######. .
##.....# ##.##.##
#.###.### .##
##รท.# .. ##.## ...
#..#


You could see Grinder.

Vanquished Creatures
  A hound (D:4)
  3 adders
  3 worms (D:2)
  A dart slug (D:1)
  3 leopard geckos
  An orc (D:3)
  2 ball pythons (D:2)
  4 giant cockroaches
  4 goblins
  6 hobgoblins
  4 kobolds
  A quokka (D:3)
  7 bats
  7 frilled lizards
  12 rats
59 creatures vanquished.

Notes
Turn   | Place    | Note
-------+----------+-------------------------------------------
     0 | D:1      | Merkmirnix the Octopode Assassin began the quest for the Orb.
     0 | D:1      | Reached XP level 1. HP: 14/14 MP: 1/1
   131 | D:1      | Reached XP level 2. HP: 19/19 MP: 2/2
   133 | D:1      | Reached skill level 6 in Stealth
   569 | D:1      | Reached XP level 3. HP: 21/24 MP: 3/3
  1510 | D:2      | Reached skill level 7 in Stealth
  1510 | D:2      | Reached XP level 4. HP: 29/29 MP: 4/4
  2174 | D:3      | Reached skill level 1 in Axes
  2846 | D:3      | Found a sacrificial altar of Ru.
  3124 | D:4      | Reached XP level 5. HP: 30/34 MP: 5/5
  3143 | D:4      | Reached skill level 1 in Polearms
  3150 | D:4      | Noticed Grinder
  3151 | D:4      | Noticed Merkmirnix's ghost (amateur OpAs)
  3167 | D:4      | Slain by Grinder

Skill      XL: |  1  2  3  4  5 |
---------------+----------------+-----
Stealth        | 6 7 |  7.5
Axes           | 1 |  1.3
Polearms       | 1 |  1.0
Fighting       | |  2.2
Short Blades   | |  2.3
Throwing       | |  2.1
Dodging        | |  1.2

Action                   |  1- 3 |  4- 6 || total
-------------------------+-------+-------++-------
Melee: Dagger            |    39 |       ||    39
       Constrict         |    17 |     7 ||    24
       Tentacles         |     4 |     5 ||     9
       Hand axe          |    33 |     9 ||    42
       Trident           |       |    21 ||    21
  Use: Scroll            |       |     4 ||     4
       Potion            |       |     1 ||     1
 Stab: Sleeping          |    15 |    14 ||    29
  Eat: Fruit             |     1 |       ||     1
       Chunk             |       |     6 ||     6
Armor: Skin              |     4 |     6 ||    10
Dodge: Dodged            |    32 |     9 ||    41
